 Dungeon Crawl Stone Soup version 0.28-a0-1374-ga75cb3825e (webtiles) character file.

Game seed: 804423585893014441

192641 Artemis1503 the Bludgeoner (level 18, -10/120 HPs)
             Began as a Gargoyle Fighter on Dec 31, 2021.
             Was the Champion of the Shining One.
             Killed by divine providence
             ... invoked by a meliai
              (12 damage)
             ... on level 3 of the Spider Nest.
             The game lasted 01:49:40 (28412 turns).

Artemis1503 the Bludgeoner (Gargoyle Fighter)      Turns: 28412, Time: 01:49:41

Health: -10/120    AC: 47    Str: 27    XL:     18   Next: 69%
Magic:  7/23       EV:  7    Int: 12    God:    the Shining One [******]
Gold:   1276       SH: 17    Dex:  9    Spells: 23/24 levels left

rFire   . . .      SeeInvis +   y - +4 eveningstar "Dragon's Foe" {flame, Fragile rCorr Int+2 SInv}
rCold   + + .      Faith    .   K - +0 kite shield
rNeg    + + +      Spirit   .   S - +2 crystal plate armour {rC+}
rPois   ∞          Reflect  +   (no helmet)
rElec   +          Harm     .   Q - +1 cloak {rC+}
rCorr   +          Rampage  .   (no gloves)
Will    +....                   j - +0 pair of boots
Stlth   ..........              V - amulet of reflection
HPRegen 0.30/turn               n - +4 ring of slaying
MPRegen 0.18/turn               e - +4 ring of protection

@: flying, glowing
A: sickness immunity, AC +13, big wings, negative energy resistance 1,
electricity resistance, torment resistance 1, petrification resistance
a: Renounce Religion, Divine Shield, Cleansing Flame, Summon Divine Warrior,
Brand Weapon With Holy Wrath


You were on level 3 of the Spider Nest.
You worshipped the Shining One.
The Shining One was exalted by your worship.
You visited 4 branches of the dungeon, and saw 22 of its levels.
You also visited: Bailey and Ice Cave.

You collected 1276 gold pieces.

Inventory:

Hand Weapons
 g - a +0 hunting sling of venom
 k - a +2 whip of venom
 y - the +4 eveningstar "Dragon's Foe" (weapon) {flame, Fragile rCorr Int+2 SInv}
   (You acquired it on level 9 of the Dungeon)

   It burns those it strikes, dealing additional fire damage.
   Int:       It affects your intelligence (+2).
   SInv:      It lets you see invisible.
   rCorr:     It protects you from acid and corrosion.
   Fragile:   It will be destroyed if unequipped.
 O - the +6 hunting sling of Egiucvag {vorpal, Str+6 Int-4}
   (You found it on level 2 of the Spider Nest)

   Any ammunition fired from it inflicts extra damage upon your enemies.
   Str:       It affects your strength (+6).
   Int:       It affects your intelligence (-4).
Missiles
 i - 752 stones (quivered)
 l - 79 sling bullets
 x - 3 throwing nets
Armour
 j - a +0 pair of boots (worn)
 J - the +3 scale mail of Arocupeo {rF+ rC+ MP-9 Int+3}
   (You found it on level 8 of the Dungeon)

   Int:       It affects your intelligence (+3).
   rF:        It protects you from fire.
   rC:        It protects you from cold.
   MP:        It affects your magic capacity (-9).
 K - a +0 kite shield (worn)
 Q - a +1 cloak of cold resistance (worn)
 S - a +2 crystal plate armour of cold resistance (worn)
Magical Staves
 p - a staff of cold
Jewellery
 b - a +4 ring of protection
 e - a +4 ring of protection (right hand)
 n - a +4 ring of slaying (left hand)
 q - a ring of resist corrosion
 u - a ring of fire
 N - a ring of fire
 P - a ring of willpower
 U - a +4 ring of evasion
 V - an amulet of reflection (around neck)
Wands
 z - a wand of iceblast (9)
 A - a wand of mindburst (24)
 B - a wand of paralysis (10)
Scrolls
 c - 2 scrolls of holy word
 f - a scroll of blinking
 h - 3 scrolls of amnesia
 C - a scroll of enchant armour
 E - 5 scrolls of teleportation
 F - 2 scrolls of identify
 G - 6 scrolls of magic mapping
 L - a scroll of brand weapon
 M - 2 scrolls of enchant weapon
 R - 2 scrolls of fear
 T - 2 scrolls of fog
Potions
 a - 6 potions of magic
 d - 7 potions of might
 m - 3 potions of lignification
 o - 10 potions of curing
 s - 2 potions of resistance
 t - 7 potions of brilliance
 v - 3 potions of invisibility
 w - 4 potions of ambrosia
 D - 5 potions of heal wounds
 H - 2 potions of cancellation
 I - 2 potions of haste
Miscellaneous
 r - a box of beasts


   Skills:
 + Level 16.0 Fighting
 - Level 16.0 Maces & Flails
 * Level 15.5 Armour
 - Level 5.2 Dodging
 - Level 4.0 Stealth
 - Level 15.0 Shields
 * Level 3.5 Spellcasting
 * Level 7.0 Ice Magic


You had 23 spell levels left.
You knew the following spells:

 Your Spells              Type           Power      Damage    Failure   Level
a - Freeze                Ice            76%        1d9       26%         1

Your spell library contained the following spells:

 Spells                   Type           Power      Damage    Failure   Level
 Frozen Ramparts          Ice            38%        1d5       58%         3
 Ozocubu's Armour         Ice            19%        N/A       58%         3
 Shock                    Conj/Air       8%         1d3       99%         1
 Confusing Touch          Hex            2%         N/A       100%        3
 Swiftness                Air            2%         N/A       100%        3
 Airstrike                Air            1%         N/A       100%        4
 Hailstorm                Conj/Ice       10%        3d5       100%        4
 Ice Form                 Ice/Tmut       10%        N/A       100%        4
 Summon Lightning Spire   Summ/Air       2%         N/A       100%        4
 Freezing Cloud           Conj/Ice/Air   3%         6-21      100%        5
 Yara's Violent Unravell  Hex/Tmut       1%         3d3       100%        5
 Simulacrum               Ice/Necr       5%         N/A       100%        6
 Enfeeble                 Hex            1%         N/A       100%        7
 Ozocubu's Refrigeration  Ice            9%         4d6       100%        7
 Storm Form               Tmut/Air       1%         N/A       100%        7
 Maxwell's Capacitive Co  Air            1%         ∞         100%        8
 Polar Vortex             Ice            9%         N/A       100%        9


Dungeon Overview and Level Annotations

Branches:
Dungeon (12/15)            Temple (1/1) D:7            Lair (6/6) D:9
  Swamp (0/4) Lair:2       Spider (3/4) Lair:2        Slime (0/5) Lair:6
    Orc (0/2) D:12         Bailey (visited)           IceCv (visited)

Altars:
Ashenzari
Cheibriados
Dithmenos
Elyvilon
Fedhas
Gozag
Hepliaklqana
Kikubaaqudgha
Makhleb
Nemelex Xobeh
Okawaru
Qazlal
Ru
Sif Muna
Trog
Uskayaw
Vehumet
Wu Jian
Xom
Yredelemnul
Zin
The Shining One

Shops:
D:3 =

Annotations:
Spider:3 Kirke


Innate Abilities, Weirdness & Mutations

You are immune to sickness and miasma.
Your stone body is resilient. (AC +13)
You are immune to poison.
Your large and strong wings let you fly.
You resist negative energy. (rN+)
You are resistant to electric shocks. (rElec)
You are resistant to unholy torment.
You are immune to petrification.


Message History

You block the jumping spider's attack. The jumping spider closely misses you.
You block the jumping spider's attack. x4; You block the meliai's attack. x2
The jumping spider barely misses you.
The jumping spider bites you but does no damage.
The jumping spider pounces on you but does no damage.
The jumping spider bites you but does no damage.
The jumping spider leaps!
The jumping spider pounces on you but does no damage.
You block the jumping spider's attack.
The jumping spider leaps!
The meliai invokes the aid of its god against you.
Something smites you!
* * * LOW HITPOINT WARNING * * *
The jumping spider closely misses you. You block the jumping spider's attack.
The meliai mumbles some strange prayers to its god against you.
Something smites you!
* * * LOW HITPOINT WARNING * * *
The meliai hits you but does no damage. You block the meliai's attack.
The ghost moth stares at you.
You feel your power leaking away.
You hear an angry hiss.
You block the jumping spider's attack. x2
The meliai invokes the aid of its god against you.
Something smites you!
* * * LOW HITPOINT WARNING * * *
The meliai hits you but does no damage.
The meliai stings you but does no damage.
The meliai hits you but does no damage. You block the meliai's attack.
Things that are here:
a jumping spider corpse; a culicivora corpse The jumping spider rages.
You block the jumping spider's attack.
The jumping spider bites you but does no damage.
The jumping spider leaps!
The jumping spider rages.
The meliai calls down the wrath of its god upon you.
Something smites you!
* * * LOW HITPOINT WARNING * * *
The meliai calls down the wrath of its god upon you.
Something smites you!
You die...

##..............##
#...............#
#......y..°○....##
##.....s.........#
#............^#.#
#.....#ss.s######
##...###.sy)###
#####...ssy.^#
#^^..y@..##
###.##..## #######


You could see a broodmother, a ghost moth (invisible), 3 wolf spiders, an orb
spider, 2 jumping spiders and 3 meliai.

Vanquished Creatures
  An emperor scorpion (Spider:1)
  A frost giant (IceCv)
  A ghost moth (Spider:1)
  An entropy weaver (Spider:2)
  A spark wasp (Spider:2)
  7 hydras
  2 boulder beetles
  Harold (D:10)
  2 radroaches (Spider:2)
  2 centaur warriors
  A jorogumo (Spider:1)
  6 death yaks (IceCv)
  A merfolk avatar (Lair:6)
  3 catoblepae
  2 two-headed ogres
  The ghost of ThreePoint314 the Cleaver, a novice HOMo of Beogh (D:8)
  4 pharaoh ants
  4 steelbarb worms
  3 orb spiders (Spider:2)
  2 harpies (Lair:6)
  2 spectral wolf spiders (Spider:1)
  Pikel (D:7)
  2 wolf spider zombies (Spider:1)
  20 wolf spiders
  An ugly thing (D:12)
  A cyclops (D:12)
  5 manticores
  A moth of wrath (D:8)
  An ice statue (IceCv)
  5 elephants
  6 black mambas
  4 torpor snails
  16 cane toads
  2 demonic crawlers
  9 komodo dragons
  Maggie (D:7)
  2 rime drakes
  An efreet (D:12)
  A tengu conjurer (D:9)
  3 kobold demonologists
  3 hellwings (D:12)
  14 polar bears
  6 meliai (Spider:2)
  2 wolf spider simulacra (Spider:1)
  A wind drake (Lair:6)
  5 hornets
  A troll (D:9)
  A tyrant leech (Lair:2)
  A snapping turtle (Lair:6)
  27 tarantellas
  Prince Ribbit (D:6)
  5 dream sheep (Lair:6)
  35 blink frogs
  7 slime creatures
  11 jumping spiders
  14 culicivoras
  5 wyverns
  A wraith (D:9)
  48 yaks
  2 basilisks (Lair:5)
  5 steam dragons
  32 redbacks
  3 vampire mosquitoes (D:12)
  3 swamp worms (Lair:2)
  3 wargs (D:9)
  Edmund (D:6)
  Menkaure (D:5)
  An acid dragon (D:12)
  Duvessa (D:4)
  17 water moccasins
  Pargi (D:4)
  5 orc warriors
  3 ice beasts
  3 sky beasts
  2 black bears
  2 necrophages
  4 ogres
  40 wolves
  4 centaurs
  4 phantoms
  4 lemures (D:7)
  16 kobold brigands
  12 bullfrogs
  3 scorpions
  4 gnoll sergeants
  Dowan (D:4)
  15 killer bees
  3 electric eels
  4 howler monkeys
  12 centaur zombies
  3 hounds
  3 jellies
  6 centaur skeletons
  2 gnoll shamans
  9 orc priests
  Terence (D:2)
  A scorpion zombie (D:5)
  10 orc wizards
  A howler monkey zombie (D:6)
  28 gnolls
  7 adders
  A white imp (D:8)
  2 ufetubi
  2 worms
  2 dart slugs (D:2)
  39 orcs
  6 ball pythons
  3 bats
  6 endoplasms
  4 giant cockroaches
  13 goblins
  11 hobgoblins
  2 quokkas (D:1)
  7 frilled lizards (D:1)
  32 kobolds
  2 rats
732 creatures vanquished.

Vanquished Creatures (others)
  A tarantella (Spider:2)
  A polar bear (IceCv)
  A redback (Spider:3)
  An orc (D:9)
  A kobold (D:9)
  42 fungi
  115 plants
162 creatures vanquished.

Grand Total: 894 creatures vanquished

Notes
Turn   | Place    | Note
-------+----------+-------------------------------------------
     0 | D:1      | Artemis1503 the Gargoyle Fighter began the quest for the
                  | Orb.
     0 | D:1      | Reached XP level 1. HP: 14/14 MP: 1/1
   123 | D:1      | Reached XP level 2. HP: 17/19 MP: 2/2
   675 | D:1      | Reached XP level 3. HP: 23/23 MP: 3/3
   786 | D:1      | Found a faded altar of an unknown god.
  1640 | D:2      | Reached XP level 4. HP: 29/29 MP: 4/4
  1893 | D:2      | Noticed Terence
  1911 | D:2      | Killed Terence
  2220 | D:2      | Reached XP level 5. HP: 27/33 MP: 5/5
  2229 | D:2      | Reached skill level 1 in Dodging
  2813 | D:3      | Noticed an ogre
  3020 | D:3      | Found Bage's One-of-a-Kind Rings.
  3089 | D:3      | Killed an ogre
  3090 | D:3      | Reached XP level 6. HP: 32/38 MP: 6/6
  3873 | D:4      | Noticed Duvessa
  3873 | D:4      | Noticed Dowan
  3929 | D:4      | Found a bloodstained altar of Trog.
  3969 | D:4      | Noticed a black bear
  4006 | D:3      | Killed a black bear
  4007 | D:3      | Reached skill level 5 in Maces & Flails
  4007 | D:3      | Reached XP level 7. HP: 43/44 MP: 7/7
  4357 | D:4      | Killed Duvessa
  4358 | D:4      | Reached skill level 5 in Armour
  4363 | D:4      | Killed Dowan
  4391 | D:4      | Reached skill level 5 in Shields
  4398 | D:4      | Reached XP level 8. HP: 28/48 MP: 8/8
  4706 | D:4      | Noticed Pargi
  4725 | D:4      | Killed Pargi
  4943 | D:5      | Entered Level 5 of the Dungeon
  5382 | D:4      | Reached skill level 5 in Fighting
  5454 | D:5      | Reached skill level 1 in Stealth
  5934 | D:5      | You fall into a shaft and drop 1 floor!
  5963 | D:6      | Reached XP level 9. HP: 53/54 MP: 9/9
  6000 | D:6      | Identified the +1 scale mail of Nuceupoh {rElec rPois
                  | Str+3}
  6121 | D:6      | Noticed Prince Ribbit
  6141 | D:6      | Killed Prince Ribbit
  6310 | D:6      | Noticed Menkaure
  6320 | D:5      | Killed Menkaure
  6679 | D:6      | Noticed Edmund
  6693 | D:6      | Killed Edmund
  7119 | D:7      | Noticed Maggie
  7119 | D:7      | Noticed Pikel
  7170 | D:7      | Killed Maggie
  7405 | D:7      | Reached XP level 10. HP: 60/61 MP: 10/10
  7469 | D:7      | Paralysed by Pikel for 6 turns
  7487 | D:7      | Killed Pikel
  7739 | D:7      | Found a staircase to the Ecumenical Temple.
  7745 | Temple   | Entered the Ecumenical Temple
  7910 | Temple   | Became a worshipper of Elyvilon the Healer
  8298 | D:8      | Reached skill level 10 in Maces & Flails
  8351 | D:8      | Found a transporter.
  8355 | D:8      | Noticed a moth of wrath
  8365 | D:8      | Found a flagged portal.
  8388 | Bailey   | Entered a bailey
  8898 | D:8      | Found a transporter.
  8903 | D:8      | Found a bloodstained altar of Trog.
  8925 | D:8      | Noticed ThreePoint314's ghost (novice HOMo)
  9143 | D:8      | Reached * piety under Elyvilon
  9197 | D:8      | Identified the +3 scale mail of Arocupeo {rF+ rC+ MP-9
                  | Int+3}
  9627 | D:8      | Noticed a kobold demonologist
  9655 | D:8      | Noticed a smoke demon
  9657 | D:8      | Noticed a sixfirhy
  9693 | D:8      | Killed a kobold demonologist
  9831 | D:8      | Reached XP level 11. HP: 59/68 MP: 2/11
 10629 | D:9      | Reached ** piety under Elyvilon
 10847 | D:9      | Noticed a two-headed ogre
 11157 | D:9      | Identified a scroll of acquirement
 11157 | D:9      | Acquired the +4 eveningstar "Dragon's Foe" {flame, Fragile
                  | rCorr Int+2 SInv}
 11376 | D:9      | Found a staircase to the Lair.
 11449 | D:9      | Reached skill level 5 in Dodging
 11641 | D:9      | Killed a two-headed ogre
 11816 | Lair:1   | Entered Level 1 of the Lair of Beasts
 11987 | D:10     | Entered Level 10 of the Dungeon
 12134 | D:10     | Reached skill level 10 in Armour
 12236 | D:10     | Noticed Harold
 12257 | D:10     | Killed Harold
 12781 | D:10     | Noticed a centaur warrior
 12799 | D:10     | Killed a centaur warrior
 12917 | D:10     | Noticed a two-headed ogre
 12926 | D:10     | Reached XP level 12. HP: 76/76 MP: 3/12
 12933 | D:10     | Killed a two-headed ogre
 13215 | D:10     | Reached *** piety under Elyvilon
 13360 | D:11     | Found a frozen archway.
 13373 | IceCv    | Entered an ice cave
 13695 | IceCv    | Reached skill level 10 in Fighting
 14010 | IceCv    | Noticed a death yak
 14010 | IceCv    | Noticed a death yak
 14012 | IceCv    | Noticed a death yak
 14024 | IceCv    | Killed a death yak
 14028 | IceCv    | Killed a death yak
 14032 | IceCv    | Killed a death yak
 14124 | IceCv    | Noticed a death yak
 14141 | IceCv    | Killed a death yak
 14143 | IceCv    | Reached XP level 13. HP: 69/83 MP: 4/13
 14379 | IceCv    | Noticed a frost giant
 14411 | IceCv    | Killed a frost giant
 14568 | IceCv    | Identified the +5 mace of Urgency {vamp, rElec rC+ Int+2}
 15052 | D:11     | Reached skill level 15 in Maces & Flails
 15052 | D:11     | Gained mutation: Your large and strong wings let you fly.
                  | [Gargoyle growth]
 15052 | D:11     | Reached XP level 14. HP: 90/90 MP: 5/14
 15722 | D:12     | Found a staircase to the Orcish Mines.
 16237 | D:12     | Reached **** piety under Elyvilon
 16597 | D:12     | Found the +4 Cigotuvi's embrace {rMiasma Drain rN+}
 17120 | D:8      | Killed ThreePoint314's ghost
 17826 | Lair:1   | Found a glowing silver altar of Zin.
 17849 | Lair:1   | Reached ***** piety under Elyvilon
 18523 | Lair:2   | Found a hole to the Spider Nest.
 18863 | Lair:2   | Found a staircase to the Swamp.
 19588 | Lair:3   | Reached skill level 10 in Shields
 19597 | Lair:3   | Reached XP level 15. HP: 87/97 MP: 6/15
 20172 | Lair:3   | Reached ****** piety under Elyvilon
 20776 | Lair:4   | You are sucked into a shaft and drop 2 floors!
 20776 | Lair:6   | Entered Level 6 of the Lair of Beasts
 20776 | Lair:6   | Found a staircase to the Slime Pits.
 21451 | Lair:5   | Found a sacrificial altar of Ru.
 23847 | Lair:6   | Found the +7 captain's cutlass {speed, disarm}
 23890 | Lair:6   | Reached XP level 16. HP: 106/106 MP: 7/16
 23891 | Lair:6   | Reached skill level 5 in Ice Magic
 23891 | Lair:6   | Reached XP level 17. HP: 111/111 MP: 8/17
 24153 | Temple   | Fell from the grace of Elyvilon
 24153 | Temple   | Became a worshipper of the Shining One
 24153 | Temple   | Reached * piety under the Shining One
 24153 | Temple   | Reached ** piety under the Shining One
 24153 | Temple   | Reached *** piety under the Shining One
 24153 | Temple   | Reached **** piety under the Shining One
 24373 | Spider:1 | Entered Level 1 of the Spider Nest
 24546 | Spider:1 | Reached XP level 18. HP: 116/117 MP: 9/18
 24555 | Spider:1 | Reached skill level 15 in Shields
 24633 | Spider:1 | Learned a level 1 spell: Freeze
 24900 | Spider:1 | Reached skill level 1 in Spellcasting
 25589 | Spider:1 | Reached skill level 15 in Fighting
 25592 | Spider:1 | Reached ***** piety under the Shining One
 27232 | Spider:2 | Reached skill level 15 in Armour
 27462 | Spider:2 | Identified the +6 hunting sling of Egiucvag {vorpal, Str+6
                  | Int-4}
 28171 | Spider:3 | Reached ****** piety under the Shining One
 28400 | Spider:3 | Noticed Kirke
 28412 | Spider:3 | HP: 2/120 [meliai/divine providence (10)]
 28412 | Spider:3 | Killed from afar by a meliai

Illustrated notes

Levels and vault maps discovered:
D:1:      co_arrival_square_in_a_square_in_a_square, layout_rooms,
          hellmonk_ecumenical_altar_run_dry, minmay_misc_feat_iff,
          minmay_misc_feat_x, minmay_misc_feat_rows, hex_intersection
D:2:      layout_basic, uniq_terence
D:3:      layout_loops_cross, nicolae_shop_unique_rings, corexii_hall_statues_s,
          small_statue_alley_b
D:4:      layout_rooms, mainiacjoe_overflow_tiny_flanked, uniq_pargi,
          uniq_duvessa
D:5:      layout_cave_pools
D:6:      layout_rooms, uniq_prince_ribbit1, uniq_menkaure, uniq_edmund
D:7:      layout_basic, minmay_temple_entry_fiery, nrook_mini_backslash,
          nicolae_concentric_dashed_squares_wild, uniq_maggie, uniq_pikel
D:8:      layout_basic, enter_bailey_4, special_room [special_room_kobold],
          gammafunk_ghost_wrathful_warriors
D:9:      layout_roguey, erik_lair_orcish_takeover, serial_bayou,
          serial_bayou_ford_a, serial_bayou_pond_b, serial_bayou_pond_d,
          serial_bayou_crossing, serial_bayou_pond_e
D:10:     layout_roguey, lemuel_old_faithful, uniq_harold
D:11:     layout_loops_cross, portal_ice_cave_entry_pillars_1
D:12:     layout_loops_ring, orc_0_dummy, hellmonk_guarded_unrand_cigotuvi
Temple:   kilobyte_greek_temple
Lair:1:   gammafunk_indiana_jones, layout_cave_pods,
          lightli_volcano_entry_magma_tube, serial_rivers,
          chequers_serial_rivers_micro_a, chequers_serial_rivers_micro_c,
          chequers_serial_rivers_small_a, chequers_serial_rivers_small_3,
          chequers_serial_rivers_room_b, chequers_serial_rivers_micro_a,
          basic_altar, lemuel_fruit_tree, serial_bayou_shore_a,
          serial_bayou_shore_b
Lair:2:   layout_regular_city, minmay_swamp_entry_worms, dummy_spider_entry
Lair:3:   layout_roguey, chequers_serial_rivers_micro_c, grunt_megastairs_4,
          lemuel_fruit_fields
Lair:4:   layout_big_grid, grunt_megastairs_1, infiniplex_staircase_pool_2
Lair:5:   layout_cellular_growth, basic_altar, st_stairs_3
Lair:6:   gammafunk_lair_ancient_temple, layout_regular_city,
          minmay_slime_entry_pillars, serial_bayou_shore_b
Spider:1: layout_spider_delve, nicolae_spider_undead_wolf_pack
Spider:2: layout_spider_delve, hangedman_spider_trapstep
Spider:3: nicolae_orb_stairs_large, drop_trap, beargit_elvish_explorers,
          uniq_kirke, uniq_bai_suzhen

Skill      XL: |  1  2  3  4  5  6  7  8  9 10 11 12 13 14 15 16 17 18 |
---------------+-------------------------------------------------------+-----
Maces & Flails | 3 4 5 7 9 11 12 14 15 16 | 16.0
Armour         | 4 5 6 7 8 10 11 13 14 15 | 15.5
Dodging        | 1 3 4 5 |  5.2
Fighting       | 4 5 6 8 9 10 11 12 14 16 | 16.0
Shields        | 4 5 6 7 10 14 15 | 15.0
Stealth        | 1 2 3 4 |  4.0
Ice Magic      | 5 7 |  7.0
Spellcasting   | 3 |  3.5

Action                   |  1- 3 |  4- 6 |  7- 9 | 10-12 | 13-15 | 16-18 || total
-------------------------+-------+-------+-------+-------+-------+-------++-------
Melee: Flail             |    66 |       |       |       |       |       ||    66
       Whip              |    62 |   119 |   437 |   471 |       |       ||  1089
       Eveningstar       |       |       |       |   323 |   807 |   456 ||  1586
  Use: Scroll            |       |     8 |    12 |     5 |     7 |     2 ||    34
       Potion            |       |       |       |       |     5 |     4 ||     9
 Stab: Petrified         |       |       |       |       |     2 |       ||     2
Armor: Scale mail        |    43 |    57 |   174 |   343 |   390 |   188 ||  1195
       Chain mail        |       |       |     8 |       |       |       ||     8
       Skin              |       |       |     1 |       |       |       ||     1
       Crystal plate arm |       |       |       |       |       |   182 ||   182
Dodge: Dodged            |    56 |    37 |   138 |   300 |   281 |   204 ||  1016
Block: Buckler           |    17 |    22 |    96 |   196 |   340 |       ||   671
       Reflection        |       |       |       |       |     2 |       ||     2
       Kite shield       |       |       |       |       |       |   485 ||   485

Table legend: (Time is in decaauts)
 A = Elapsed time spent in this place.
 B = Non-inter-level travel time spent in this place.
 C = Inter-level travel time spent in this place.
 D = Time resting spent in this place.
 E = Time spent auto-exploring this place.
 F = Levels seen in this place.
 G = Mean time per level.
                   A        B        C        D        E       F      G
               +--------+--------+--------+--------+--------+-----+--------+
         Total |  27810 |  25939 |   1871 |   8206 |   9704 |  24 | 1158.8 |
       Dungeon |  14862 |  13590 |   1272 |   4103 |   5174 |  12 | 1238.5 |
        Temple |    263 |    181 |     82 |      0 |    142 |   1 |  263.0 |
          Lair |   6698 |   6253 |    445 |   1316 |   3520 |   6 | 1116.3 |
   Spider Nest |   3936 |   3865 |     71 |   1967 |    656 |   3 | 1312.0 |
        Bailey |    428 |    428 |      0 |    114 |      0 |   1 |  428.0 |
      Ice Cave |   1620 |   1620 |      0 |    705 |    212 |   1 | 1620.0 |
               +--------+--------+--------+--------+--------+-----+--------+

Top non-repeatable levels by time:
Spider:1: 2057 daAuts
     D:9: 1983 daAuts
Spider:2: 1805 daAuts
   IceCv: 1620 daAuts
     D:8: 1597 daAuts
     D:1: 1522 daAuts
     D:2: 1402 daAuts
  Lair:6: 1354 daAuts
  Lair:4: 1310 daAuts
     D:4: 1206 daAuts
    D:10: 1199 daAuts
     D:5: 1187 daAuts
    D:12: 1186 daAuts
  Lair:1: 1137 daAuts
     D:7: 1123 daAuts
